 Dungeon Crawl Stone Soup version 0.30.0-10-gfe55d96785 (webtiles) character file.

Game seed: 14341111445577094368

2 NotreDorf the Magician (level 1, 0/16 HPs)
             Began as a Mummy Reaver on May 13, 2023.
             Constricted to death by a ball python (1 damage)
             ... on level 1 of the Dungeon.
             The game lasted 00:01:42 (90 turns).

NotreDorf the Magician (Mummy Reaver)                 Turns: 90, Time: 00:01:42

Health: 0/16       AC:  3    Str: 15    XL:     1   Next: 33%
Magic:  4/4        EV:  8    Int: 12    God:
Gold:   0          SH:  0    Dex: 10    Spells: 4/5 levels left

rFire   x . .        a - +0 mace
rCold   + . .        (no shield)
rNeg    + + +        b - +0 leather armour
rPois   ∞            (no helmet)
rElec   .            (no cloak)
rCorr   .            (no gloves)
SInv    .            (no boots)
Will    .....        (no amulet)
Stlth   +            (no ring)
HPRegen 0.22/turn    (no ring)
MPRegen 0.09/turn

%: faith
@: constricted
A: cold resistance 1, negative energy resistance 3, torment resistance 2, heat
vulnerability 1, no potions, faith
a: no special abilities


You were on level 1 of the Dungeon.
You visited 1 branch of the dungeon, and saw 1 of its levels.

Inventory:

Hand Weapons
 a - a +0 mace (weapon)
Missiles
 e - 3 stones
Armour
 b - a +0 leather armour (worn)
Scrolls
 c - 2 scrolls of teleportation {unknown}
 d - a scroll of fog {unknown}


   Skills:
 + Level 2.0 Fighting
 + Level 2.4 Maces & Flails
 - Level 1.5 Dodging
 + Level 2.7 Spellcasting
 + Level 2.4 Conjurations
 + Level 0.1 Necromancy


You had 4 spell levels left.
You knew the following spells:

 Your Spells              Type           Power      Damage    Failure   Level
a - Kiss of Death         Conj/Necr      16%        2d6       19%         1

Your spell library contained the following spells:

 Spells                   Type           Power      Damage    Failure   Level
 Momentum Strike          Conj/Tloc      8%         3d8       28%         2
 Hailstorm                Conj/Ice       4%         3d4       50%         3


Dungeon Overview and Level Annotations

Branches:
Dungeon (1/15)

Altars:


Innate Abilities, Weirdness & Mutations

You are immune to poison.
Your flesh is cold resistant. (rC+)
You are immune to negative energy. (rN+++)
You are immune to unholy pain and torment.
You are vulnerable to heat. (rF-)
You do not drink.
You have a special connection with the divine. (Faith)


Message History

You closely miss the kobold. The kobold hits you with a +0 whip.
The kobold closely misses you.
You completely miss the kobold. The kobold closely misses you.
You sock the kobold!
You kill the kobold!
No target in view!
A ball python comes into view.
Things that are here:
a +0 whip; a kobold corpse
Found two stone staircases leading down.
The ball python barely misses you. The ball python closely misses you.
You hit the ball python but do no damage.
The ball python barely misses you. The ball python closely misses you.
A dart slug comes into view.
The ball python barely misses you. The ball python completely misses you.
You hit the ball python but do no damage.
The ball python bites you. The ball python grabs you.
The ball python constricts you. The ball python closely misses you.
The ball python constricts you.
You hit the ball python but do no damage.
The ball python bites you. The ball python constricts you.
You barely miss the ball python. The ball python barely misses you.
The ball python constricts you. The ball python bites you.
The ball python constricts you.
You are too injured to fight recklessly!
You hit the ball python but do no damage.
The ball python barely misses you. The ball python constricts you.
You barely miss the ball python. The ball python bites you.
The ball python constricts you. The ball python bites you.
* * * LOW HITPOINT WARNING * * *
The ball python constricts you.
* * * LOW HITPOINT WARNING * * *
You closely miss the ball python. The ball python barely misses you.
The ball python constricts you.
You closely miss the ball python.
The ball python bites you but does no damage.
The ball python constricts you. The ball python bites you.
* * * LOW HITPOINT WARNING * * *
The ball python constricts you.
You die...

##..⌠. ... ##.....
.> #...... .> ###
#...... . ..#
##..... #. #.#
###### ##.##.#
#.wS#.##############
#@.)............#
##.############.##
##.# #... ## ####


You could see a dart slug and a ball python.

Vanquished Creatures
  A kobold (D:1)
  A quokka (D:1)
2 creatures vanquished.

Notes
Turn   | Place    | Note
-------+----------+-------------------------------------------
     0 | D:1      | NotreDorf the Mummy Reaver began the quest for the Orb.
     0 | D:1      | Reached XP level 1. HP: 16/16 MP: 4/4
    90 | D:1      | Constricted to death by a ball python

Illustrated notes

Levels and vault maps discovered:
D:1:      dpeg_arrival_lava_temple_mockup, layout_loops_ring,
          shapermc_ecumenical_altar_gd

Action                     || total
---------------------------++-------
  Melee: Mace              ||    24
 Armour: Leather armour    ||     4
  Dodge: Dodged            ||    22
